 Seeded DCSS version 0.28.0 (webtiles) character file.

Game seed: 10379525442082979767 (custom seed)

414 hikkokomori the Firebug (level 7, -3/53 HPs)
             Began as a Formicid Cinder Acolyte on Feb 16, 2022.
             Was a High Priest of Ignis.
             Slain by a killer bee (8 damage)
             ... on level 4 of the Dungeon.
             The game lasted 00:07:28 (4770 turns).

hikkokomori the Firebug (Formicid Cinder Acolyte)   Turns: 4770, Time: 00:07:29

Health: -3/53      AC:  9    Str: 19    XL:     7   Next: 14%
Magic:  12/12      EV: 11    Int: 15    God:    Ignis [*****.]
Gold:   66         SH:  0    Dex:  6    Spells: 11/13 levels left

rFire   + . .      SeeInvis +   m - +0 long sword (venom)
rCold   . . .      Faith    .   (no shield)
rNeg    . . .      Spirit   .   b - +0 robe
rPois   .          Reflect  .   (helmet unavailable)
rElec   .          Harm     .   (no cloak)
rCorr   .          Rampage  .   (no gloves)
Will    .....                   (no boots)
Stlth   ++........              (no amulet)
HPRegen 0.17/turn               (no ring)
MPRegen 0.13/turn               (no ring)

@: lethally poisoned (-3 -> -12), fiery-armoured
A: permanent stasis, dig shafts and tunnels, antennae 3, four strong arms
a: Dig, Shaft Self, Renounce Religion, Fiery Armour, Foxfire Swarm, Rising Flame


You were on level 4 of the Dungeon.
You worshipped Ignis.
Ignis was extremely pleased with you.
You visited 1 branch of the dungeon, and saw 5 of its levels.

You collected 66 gold pieces.

Inventory:

Hand Weapons
 a - a -1 falchion of flaming
 m - a +0 long sword of venom (weapon)
Armour
 b - a +0 robe (worn)
 h - a +0 ring mail
Scrolls
 c - a scroll of amnesia {unknown}
 f - a scroll of enchant weapon {unknown}
 g - a scroll of torment {unknown}
 i - a scroll of identify {unknown}
 k - a scroll of magic mapping {unknown}
 l - a scroll of blinking {unknown}
Potions
 d - a potion of degeneration {unknown}
 e - a potion of curing
 j - a potion of brilliance {unknown}


   Skills:
 + Level 3.6 Fighting
 - Level 3.0 Long Blades
 + Level 1.1 Dodging
 - Level 4.3 Stealth
 + Level 3.9 Spellcasting
 + Level 4.8 Fire Magic


You had 11 spell levels left.
You knew the following spells:

 Your Spells              Type           Power      Damage    Failure   Level
a - Scorch                Fire           34%        2d6       3%          2

Your spell library contained the following spells:

 Spells                   Type           Power      Damage    Failure   Level
 Static Discharge         Conj/Air       2%         N/A       28%         2
 Sticky Flame             Conj/Fire      10%        2d3       54%         4
 Dispel Undead            Necr           2%         3d7       88%         4


Dungeon Overview and Level Annotations

Branches:
Dungeon (5/15)
 Temple: D:4-7

Altars:

Shops:
D:3 ?

Annotations:
D:5 Eustachio


Innate Abilities, Weirdness & Mutations

You cannot be hasted, slowed, berserked, paralysed or teleported.
You can dig through walls and to a lower floor.
You have a pair of large antennae on your head. (SInv)
Your four strong arms can wield two-handed weapons with a shield.


Message History

Eustachio blinks!
The killer bee stings you but does no damage.
The killer bee is burned by your cloak of flames.
The killer bee is severely wounded.
The killer bee closely misses you.
You climb upwards.
* * * LOW HITPOINT WARNING * * *
You feel extremely sick.
There is a stone staircase leading down here.
It was a potion of curing.
You feel better.
The killer bee stings you but does no damage.
The killer bee is burned by your cloak of flames.
The killer bee is heavily wounded.
The killer bee closely misses you. x3
The killer bee stings you but does no damage.
The killer bee barely misses you. The killer bee stings you.
* * * LOW HITPOINT WARNING * * *
The killer bee is burned by your cloak of flames.
The killer bee is almost dead.
The killer bee stings you but does no damage.
The killer bee is burned by your cloak of flames.
The killer bee is heavily wounded.
Unknown command.
Activating: Foxfire Swarm
Press: ? - help, Dir - look around, f - activate You can't see that place. [the floor.] Flames leap up around you!
The killer bee barely misses you. The killer bee completely misses you.
The killer bee barely misses you.
The killer bee stings you but does no damage.
The killer bee is burned by your cloak of flames.
The killer bee is severely wounded.
The killer bee stings you.
* * * LOW HITPOINT WARNING * * *
You are lethally poisoned!
The killer bee poisons you!
The killer bee is burned by your cloak of flames.
The killer bee is heavily wounded.
The killer bee misses you. The killer bee stings you!
You die...

########### #.......†.# #####
#.#######.# ###### #...####.#####
#.# #....####............# #.#
#......vvvvv####.###.###.#
###.##.##vyvyv# #.........#
#.)..#.##vv@v## #..##.###.#
#.#..#.##v#yy# #.........#
#....#.)..vvv# ##.##.###.#
#....####.#.## #....# #.#
#....####.#'## #.#### #.#
##....>......## #.# #.#
##.######.....## #.######># ##..#
##.......## #........#
#####...####.........###....#####


You could see 4 killer bees.

Vanquished Creatures
  Sigmund (D:3)
  A killer bee (D:4)
  An iguana (D:4)
  An orc wizard (D:3)
  Robin (D:3)
  4 gnolls (D:3)
  3 adders (D:2)
  An adder skeleton (D:4)
  A worm (D:3)
  4 dart slugs
  3 orcs
  9 bats
  An endoplasm (D:3)
  5 giant cockroaches
  11 goblins
  4 hobgoblins
  2 jackals (D:4)
  8 kobolds
  2 quokkas
  7 ball pythons
  4 frilled lizards
  3 rats
77 creatures vanquished.

Notes
Turn   | Place    | Note
-------+----------+-------------------------------------------
     0 | D:1      | hikkokomori the Formicid Cinder Acolyte began the quest for
                  | the Orb.
     0 | D:1      | Reached XP level 1. HP: 18/18 MP: 2/2
   207 | D:1      | Reached skill level 1 in Stealth
   207 | D:1      | Reached XP level 2. HP: 18/24 MP: 4/4
   750 | D:1      | Learned a level 2 spell: Scorch
  1095 | D:2      | Reached XP level 3. HP: 21/29 MP: 4/6
  2008 | D:2      | Reached XP level 4. HP: 27/35 MP: 4/7
  2682 | D:3      | Found Vynolin's Magic Scroll Boutique.
  2758 | D:3      | Noticed Sigmund
  2796 | D:2      | Reached XP level 5. HP: 17/41 MP: 0/9
  2986 | D:3      | Killed Sigmund
  2987 | D:3      | Reached XP level 6. HP: 47/47 MP: 3/11
  3393 | D:3      | Found a faded altar of an unknown god.
  3596 | D:4      | Noticed Robin
  3843 | D:3      | Killed Robin
  4453 | D:4      | Reached XP level 7. HP: 47/52 MP: 2/12
  4695 | D:5      | Entered Level 5 of the Dungeon
  4700 | D:4      | Reached skill level 1 in Dodging
  4765 | D:5      | Noticed Eustachio
  4770 | D:4      | Slain by a killer bee

Illustrated notes

Levels and vault maps discovered:
D:1:      minmay_arrival_arboretum_small, layout_basic
D:2:      layout_basic
D:3:      layout_loops_cross, serial_shops, nicolae_shop_hallway_stairs,
          ebering_ecumenical_altar_ruins, uniq_sigmund
D:4:      layout_loops_corners, kennysheep_generic_room_2, uniq_blork_the_orc,
          uniq_edmund, uniq_robin
D:5:      layout_cave_pools, corexii_corridor_pit, minmay_lizard_king,
          uniq_eustachio, uniq_ijyb, uniq_duvessa, uniq_prince_ribbit1

Skill      XL: |  1  2  3  4  5  6  7 |
---------------+----------------------+-----
Stealth        | 1 2 3 4 |  4.3
Spellcasting   | 2 3 |  3.9
Fire Magic     | 4 |  4.8
Dodging        | 1 |  1.1
Fighting       | |  3.6
Long Blades    | |  3.0

Action                   |  1- 3 |  4- 6 |  7- 9 || total
-------------------------+-------+-------+-------++-------
Melee: Falchion          |    94 |    24 |       ||   118
       Punch             |       |     2 |       ||     2
       Long sword        |       |    28 |       ||    28
 Cast: Scorch            |     3 |    46 |     2 ||    51
Invok: Foxfire Swarm     |       |       |     1 ||     1
       Fiery Armour      |       |       |     1 ||     1
  Use: Scroll            |       |     3 |       ||     3
       Potion            |       |     1 |     1 ||     2
 Stab: Sleeping          |     3 |     4 |       ||     7
Armor: Robe              |    37 |    23 |     7 ||    67
Dodge: Dodged            |    78 |    52 |    26 ||   156
